 Dungeon Crawl Stone Soup version 0.20-a0-544-g2b9a704 (webtiles) character file.

121 Colliwobble the Chopper (level 5, 0/40 HPs)
             Began as a Vine Stalker Berserker on Jan 31, 2017.
             Was a Believer of Trog.
             Succumbed to an adder's poison
             ... on level 3 of the Dungeon.
             The game lasted 00:07:14 (2344 turns).

Colliwobble the Chopper (Vine Stalker Berserker)    Turns: 2344, Time: 00:07:15

Health: 0/40       AC:  4    Str: 26    XL:     5   Next: 5%
Magic:  1/6        EV: 12    Int:  7    God:    Trog [**....]
Gold:   78         SH:  0    Dex: 13    Spells: 4/4 levels left

rFire    . . .     SeeInvis .   a - +0 hand axe
rCold    . . .     Gourm    .   l - +0 leather armour (curse)
rNeg     . . .     Faith    .   (no shield)
rPois    .         Spirit   +   (no helmet)
rElec    .         Reflect  .   i - +0 cloak
rCorr    .         Harm     .   (no gloves)
MR       .....                  (no boots)
Stlth    ..........             (no amulet)
Regen    0.6/turn               (no ring)
                                (no ring)

@: berserking, lethally poisoned (0 -> -3), very quick
A: fangs 2, regeneration 1, magic shield, antimagic bite, no potion heal 3, rot
immunity
a: Berserk, Trog's Hand, Burn Spellbooks, Renounce Religion


You were on level 3 of the Dungeon.
You worshipped Trog.
Trog was pleased with you.
You were hungry.

You visited 1 branch of the dungeon, and saw 3 of its levels.

You collected 78 gold pieces.

Inventory:

Hand Weapons
 a - a +0 hand axe (weapon)
Missiles
 q - a tomahawk (quivered)
Armour
 b - a +0 scale mail
 i - a +0 cloak (worn)
 l - a cursed +0 leather armour (worn)
Jewellery
 m - an uncursed ring of protection from cold {unknown}
Scrolls
 e - a scroll of amnesia {unknown}
 f - 3 scrolls of remove curse {unknown}
 j - 2 scrolls of blinking {unknown}
 n - a scroll of teleportation {unknown}
Potions
 h - a potion of flight {unknown}
 o - a potion of degeneration {unknown}
 p - 2 potions of lignification {unknown}
Comestibles
 c - 2 bread rations
 d - 6 fruits
 g - a royal jelly


   Skills:
 - Level 2.6 Fighting
 + Level 5.0 Axes
 - Level 1.5 Armour
 - Level 1.5 Dodging


You had 4 spell levels left.
You didn't know any spells.

Dungeon Overview and Level Annotations

Branches:
Dungeon (3/15)

Altars:


Innate Abilities, Weirdness & Mutations

You have extremely sharp teeth.
Your natural rate of healing is unusually fast.
When hurt, damage is shared between your health and your magic reserves.
Your bite disrupts and absorbs the magic of your enemies.
Potions cannot restore your health.
You are immune to rotting.


Message History

You feel sick. The adder bites you.
* * * LOW HITPOINT WARNING * * *
You are lethally poisoned!
The adder poisons you!
* * * LOW HITPOINT WARNING * * *
You feel sick. The adder bites you.
* * * LOW HITPOINT WARNING * * *
* * * LOW HITPOINT WARNING * * *
You feel sick. The adder misses you.
* * * LOW HITPOINT WARNING * * *
You feel sick.
A red film seems to cover your vision as you go berserk!
You feel yourself moving faster!
You feel mighty!
You are feeling hungry.
* * * LOW HITPOINT WARNING * * *
You feel sick. The adder barely misses you.
Unknown command.
You hit the adder.
The adder is almost dead.
You die...

#.####.# ###....#.##
..(......## #....#...
#....#.# #.....(####
#..........
###S######. #@# #.
#.# #. ##'## #.
##...## #.##
##.....## ###..##
##.......##
#.....####.........#
#........'.........+
#.#.<รท####.........#


You could see an adder.

Vanquished Creatures
  5 adders (D:2)
  An ooze (D:1)
  2 worms (D:2)
  4 dart slugs
  6 bats
  4 giant cockroaches
  9 goblins
  8 hobgoblins
  7 kobolds
  A quokka (D:2)
  3 frilled lizards
  6 rats
56 creatures vanquished.

Notes
Turn   | Place    | Note
-------+----------+-------------------------------------------
     0 | D:1      | Colliwobble the Vine Stalker Berserker began the quest for the Orb.
     0 | D:1      | Reached XP level 1. HP: 11/11 MP: 2/2
    42 | D:1      | Reached skill level 3 in Axes
   286 | D:1      | Reached XP level 2. HP: 16/16 MP: 3/3
   828 | D:1      | Reached XP level 3. HP: 18/19 MP: 4/4
  1148 | D:2      | Reached ** piety under Trog
  1148 | D:2      | Reached skill level 4 in Axes
  1351 | D:2      | Gained mutation: Your natural rate of healing is unusually fast. [Vine Stalker growth]
  1351 | D:2      | Reached XP level 4. HP: 23/23 MP: 5/5
  1939 | D:2      | Reached skill level 5 in Axes
  1939 | D:2      | Reached XP level 5. HP: 25/27 MP: 4/6
  2342 | D:3      | HP: 1/27 [poisoned by an adder]
  2344 | D:3      | Succumbed to an adder's poison

Vault maps used:
D:1:      minmay_arrival_loop, hex_large
D:2:      first_bread
D:3:      okawaru_metal_pillars_1_2

Skill      XL: |  1  2  3  4 |
---------------+-------------+-----
Axes           | 3 4 5 |  5.0
Fighting       | |  2.6
Armour         | |  1.5
Dodging        | |  1.5

Action                   |  1- 3 |  4- 6 || total
-------------------------+-------+-------++-------
Melee: Hand axe          |    93 |    90 ||   183
       Bite              |    29 |    20 ||    49
Throw: Tomahawk          |       |     1 ||     1
Invok: Berserk           |     1 |     1 ||     2
 Stab: Sleeping          |     1 |     1 ||     2
  Eat: Chunk             |     2 |     4 ||     6
Armor: Animal skin       |    21 |       ||    21
       Leather armour    |     1 |    21 ||    22
Dodge: Dodged            |    68 |    52 ||   120
